 Dungeon Crawl Stone Soup version 0.20.2-3-g29329e0561 (webtiles) character file.

1103 Alfie the Cutter (level 8, -2/69 HPs)
             Began as a Hill Orc Fighter on Mar 12, 2024.
             Slain by a killer bee (3 damage)
             ... on level 4 of the Dungeon.
             The game lasted 00:09:42 (2392 turns).

Alfie the Cutter (Hill Orc Fighter)                 Turns: 2392, Time: 00:09:46

Health: -2/69      AC: 10    Str: 21    XL:     8   Next: 32%
Magic:  8/8        EV:  8    Int:  8    God:
Gold:   130        SH: 10    Dex: 10    Spells: 7/7 levels left

rFire    . . .     SeeInvis .   a - +0 rapier
rCold    + . .     Gourm    .   c - +0 shield
rNeg     . . .     Faith    .   b - +0 scale mail
rPois    .         Spirit   .   (no helmet)
rElec    .         Reflect  .   r - +0 cloak
rCorr    .         Harm     .   (no gloves)
MR       .....                  (no boots)
Stlth    ..........             (no amulet)
Regen    0.3/turn               u - ring of protection from cold
MPRegen  0.2/turn               (no ring)

@: lethally poisoned (-2 -> -10)
A: yellow scales 1, evolution 1
a: no special abilities


You were on level 4 of the Dungeon.
You were not hungry.

You visited 1 branch of the dungeon, and saw 4 of its levels.

You collected 130 gold pieces.

Inventory:

Hand Weapons
 a - a +0 rapier (weapon)
 q - a +3 quarterstaff of chaos
Missiles
 i - 7 tomahawks (quivered)
Armour
 b - a +0 scale mail (worn)
 c - a +0 shield (worn)
 r - a +0 cloak (worn)
Jewellery
 u - a ring of protection from cold (left hand)
Wands
 v - a wand of digging (12/24)
Scrolls
 j - a scroll of fear
 k - 2 scrolls of teleportation
 l - a scroll of fog {unknown}
 m - a scroll of enchant weapon {unknown}
 n - a scroll of magic mapping {unknown}
 o - 2 scrolls of remove curse
Potions
 e - a potion of curing
 h - a potion of flight
 p - a potion of degeneration {unknown}
 s - a potion of brilliance {unknown}
 t - a potion of mutation
Comestibles
 f - 3 bread rations
 g - 3 meat rations


   Skills:
 + Level 5.4 Fighting
 + Level 6.5 Short Blades
 + Level 4.9 Armour
 + Level 2.0 Dodging
 + Level 0.3 Stealth
 + Level 5.9 Shields


You had 7 spell levels left.
You didn't know any spells.

Dungeon Overview and Level Annotations

Branches:
Dungeon (4/15)
 Temple: D:4-7

Altars:
Ashenzari
Gozag
Makhleb
Sif Muna
Trog
Vehumet
Xom
The Shining One


Innate Abilities, Weirdness & Mutations

You are partially covered in yellow scales. (AC +2)
You evolve.


Message History

You block the killer bee's attack.
You feel sick. You block the killer bee's attack.
You see here a pair of gloves.
You feel better. The killer bee stings you.
* * * LOW HITPOINT WARNING * * *
You are poisoned.
The killer bee poisons you! The killer bee barely misses you.
You miss the killer bee.
You feel sick. You block the killer bee's attack.
You hit the killer bee.
The killer bee is moderately wounded.
The killer bee stings you.
* * * LOW HITPOINT WARNING * * *
The killer bee closely misses you.
You barely miss the killer bee.
The killer bee is moderately wounded.
You feel sick. The killer bee stings you!
* * * LOW HITPOINT WARNING * * *
You are more poisoned.
The killer bee poisons you! The killer bee stings you.
You die...

.....##.#...............#
.#.#.##†#..#............#
.....##.#..#............#
###.#...#...............#
........................#
..............##..#######
.................##
.....#......###..#
#..#...#...## ##@#
##..........####y#
##.............y#
#..............####
.....#........#....#
.#.... .........#.....#
..... .......?####..#
....... ..... .......
......


You could see 2 killer bees.

Vanquished Creatures
  The ghost of Alfie the Skirmisher, an amateur HOFi (D:3)
  The ghost of Alfie the Cutter, an amateur HOFi (D:4)
  Sigmund (D:2)
  An ice beast (D:2)
  3 eyes of draining (D:3)
  A crimson imp (D:3)
  Crazy Yiuf (D:2)
  A worker ant (D:4)
  4 adders
  An ooze (D:3)
  A worm (D:3)
  2 leopard geckos (D:1)
  2 orcs (D:3)
  8 bats
  2 giant cockroaches
  9 goblins
  8 hobgoblins
  8 frilled lizards
  5 kobolds
  A quokka skeleton (D:4)
  6 rats
67 creatures vanquished.

Notes
Turn   | Place    | Note
-------+----------+-------------------------------------------
     0 | D:1      | Alfie the Hill Orc Fighter began the quest for the Orb.
     0 | D:1      | Reached XP level 1. HP: 19/19 MP: 1/1
   161 | D:1      | Reached XP level 2. HP: 21/27 MP: 2/2
   517 | D:1      | Reached XP level 3. HP: 33/33 MP: 3/3
   725 | D:2      | Found a deep blue altar of Sif Muna.
   798 | D:2      | Noticed Sigmund
   832 | D:2      | Killed Sigmund
   832 | D:2      | Reached skill level 3 in Short Blades
   832 | D:2      | Reached skill level 1 in Dodging
   832 | D:2      | Reached XP level 4. HP: 12/40 MP: 4/4
   832 | D:2      | Reached XP level 5. HP: 14/46 MP: 5/5
   860 | D:2      | Found a runed door.
  1162 | D:2      | Found a shattered altar of Ashenzari.
  1168 | D:2      | Found a radiant altar of Vehumet.
  1168 | D:2      | Found an opulent altar of Gozag.
  1172 | D:2      | Found a glowing golden altar of the Shining One.
  1412 | D:2      | Noticed Crazy Yiuf
  1422 | D:2      | Killed Crazy Yiuf
  1422 | D:2      | Reached skill level 4 in Short Blades
  1422 | D:2      | Reached XP level 6. HP: 39/53 MP: 2/6
  1481 | D:3      | Noticed Alfie's ghost (amateur HOFi)
  1483 | D:3      | Noticed an ice beast
  1515 | D:2      | Killed an ice beast
  1709 | D:3      | Killed Alfie's ghost
  1709 | D:3      | Reached skill level 5 in Shields
  1709 | D:3      | Reached XP level 7. HP: 22/60 MP: 7/7
  1716 | D:3      | Reached skill level 5 in Short Blades
  1761 | D:3      | Found a burning altar of Makhleb.
  1762 | D:3      | Found a shimmering altar of Xom.
  1797 | D:3      | HP: 3/60 [crimson imp/dagger of chaos (1)]
  1802 | D:3      | Gained mutation: You are partially covered in yellow scales. (AC +2) [potion of mutation]
  1802 | D:3      | Gained mutation: You are frail. (-10% HP) [potion of mutation]
  1802 | D:3      | Gained mutation: You evolve. [potion of mutation]
  1817 | D:3      | Reached skill level 5 in Fighting
  1887 | D:3      | Lost mutation: You are frail. (-10% HP) [evolution]
  2085 | D:3      | Found a bloodstained altar of Trog.
  2141 | D:3      | Reached XP level 8. HP: 68/68 MP: 0/8
  2254 | D:4      | Noticed Alfie's ghost (amateur HOFi)
  2281 | D:4      | Killed Alfie's ghost
  2281 | D:4      | Reached skill level 6 in Short Blades
  2392 | D:4      | HP: 1/69 [killer bee (7)]
  2392 | D:4      | Slain by a killer bee

Skill      XL: |  1  2  3  4  5  6  7  8 |
---------------+-------------------------+-----
Fighting       | 4 5 |  5.4
Short Blades   | 3 4 5 6 |  6.5
Dodging        | 1 2 |  2.0
Shields        | 4 5 |  5.9
Armour         | 4 |  4.9
Stealth        | |  0.3

Action                   |  1- 3 |  4- 6 |  7- 9 || total
-------------------------+-------+-------+-------++-------
Melee: Rapier            |    98 |   116 |   171 ||   385
  Use: Potion            |     1 |       |     4 ||     5
       Scroll            |       |       |     5 ||     5
  Eat: Royal jelly       |       |     1 |       ||     1
       Bread ration      |       |     1 |       ||     1
Armor: Scale mail        |    60 |    41 |    36 ||   137
Dodge: Dodged            |    30 |    35 |    29 ||    94
Block: Shield            |    57 |    63 |    61 ||   181
